 Dungeon Crawl Stone Soup version 0.27-a0-1184-ge86db4a01e (webtiles) character file.

Game seed: 7798979024354716394

191 sizableburger the Gusty (level 5, -3/39 HPs)
             Began as a Palentonga Air Elementalist on May 18, 2021.
             Was a Believer of the Shining One.
             Slain by a gnoll
             ... wielding a +2 halberd of protection
              (11 damage)
             ... on level 3 of the Dungeon on May 19, 2021.
             The game lasted 00:14:19 (4580 turns).

sizableburger the Gusty (PaAE)                      Turns: 4580, Time: 00:14:20

Health: -3/39      AC:  4    Str: 11    XL:     5   Next: 41%
Magic:  2/9        EV: 10    Int: 17    God:    the Shining One [**....]
Gold:   140        SH:  6    Dex: 10    Spells: 5/9 levels left

rFire    . . .     SeeInvis +   c - +0 club
rCold    . . .     Faith    .   (no shield)
rNeg     + . .     Spirit   .   a - +0 robe
rPois    .         Reflect  .   (no helmet)
rElec    .         Harm     .   (no cloak)
rCorr    .         Rampage  .   (no gloves)
Will     .....                  (no barding)
Stlth    +.........             (no amulet)
HPRegen  0.13/turn              (no ring)
MPRegen  0.11/turn              (no ring)

@: divinely shielded, glowing
A: large, rugged brown scales 3, see invisible, deformed body, roll 1, armoured
tail
a: Rolling Charge, Renounce Religion, Divine Shield


You were on level 3 of the Dungeon.
You worshipped the Shining One.
The Shining One was pleased with you.
You visited 1 branch of the dungeon, and saw 3 of its levels.

You collected 140 gold pieces.

Inventory:

Hand Weapons
 c - a +0 club (weapon)
Armour
 a - a +0 robe (worn)
Scrolls
 f - 2 scrolls of identify {unknown}
 g - a scroll of fog {unknown}
 h - a scroll of brand weapon {unknown}
 i - a scroll of teleportation {unknown}
Potions
 b - 4 potions of curing {unknown}
 d - a potion of might {unknown}
 e - 2 potions of lignification {unknown}
 j - 2 potions of degeneration {unknown}


   Skills:
 - Level 1.2 Fighting
 - Level 1.3 Maces & Flails
 - Level 1.8 Dodging
 - Level 1.2 Stealth
 + Level 2.9 Spellcasting
 - Level 2.3 Conjurations
 + Level 3.5 Air Magic


You had 5 spell levels left.
You knew the following spells:

 Your Spells              Type           Power      Damage    Failure   Level
a - Shock                 Conj/Air       48%        1d6       5%          1
b - Swiftness             Air            14%        N/A       13%         3

Your spell library contained the following spells:

 Spells                   Type           Power      Damage    Failure   Level
 Static Discharge         Conj/Air       12%        N/A       9%          2
 Airstrike                Air            7%         N/A       38%         4
 Lightning Bolt           Conj/Air       6%         1d18      83%         5


Dungeon Overview and Level Annotations

Branches:
Dungeon (3/15)

Altars:
The Shining One


Innate Abilities, Weirdness & Mutations

You are completely covered in rugged brown scales. (AC +3, +7% HP)
You have supernaturally acute eyesight. (SInv)
Armour fits poorly on your strangely shaped body.
You can roll at nearby foes to attack.
You have a long armoured tail.


Message History

The gnoll hits you from afar with a +2 halberd of protection!
Casting: Shock (safe; 5% risk of failure)
Confirm with . or Enter, or press ? or * to list all spells.
Aiming: Shock (safe; 5% risk of failure)
Press: ? - help, Shift-Dir - straight line The zap hits the gnoll.
The gnoll is heavily wounded.
The zap hits the gnoll but does no damage.
The gnoll is heavily wounded.
The gnoll hits you from afar with a +2 halberd of protection!
Casting: Shock (safe; 5% risk of failure)
Confirm with . or Enter, or press ? or * to list all spells.
Aiming: Shock (safe; 5% risk of failure)
Press: ? - help, Shift-Dir - straight line The zap hits the gnoll.
The gnoll is severely wounded.
The zap hits the gnoll.
The gnoll is severely wounded.
The gnoll hits you from afar with a +2 halberd of protection!
* * * LOW HITPOINT WARNING * * *
Okay, then.
Okay, then.
Okay, then.
You fail to use your ability.
The gnoll closely misses you. A divine shield forms around you!
You block the gnoll's attack.
Casting: Shock (safe; 5% risk of failure)
Confirm with . or Enter, or press ? or * to list all spells.
Aiming: Shock (safe; 5% risk of failure)
Press: ? - help, Shift-Dir - straight line
Okay, then.
Casting: Shock (safe; 5% risk of failure)
Confirm with . or Enter, or press ? or * to list all spells.
Aiming: Shock (safe; 5% risk of failure)
Press: ? - help, Shift-Dir - straight line The zap hits the gnoll.
The gnoll is severely wounded.
The zap hits the gnoll.
The gnoll is almost dead.
The gnoll hits you from afar with a +2 halberd of protection!
You die...

.####........#........<.......##.
.........###.##...............##.
.........# #.....................
..†......###.#...............###.
.###.........#†##.#.##.#.....# #.
#....#.####.##......####### #.
#....#.# #.###..####### #.
#....#.# #g##.........# ##
#.#.##.# #..@###.####.# #
##......# ###.# #>..##.#######
#.......######.###.#.##.#......
#.##.##.......#...........#####
###.##.##..####.#############
.......##..####.#
.##.##.......##.#
...........#.##.#
###.....)..#.##)###


You could see a gnoll.

Vanquished Creatures
  Robin (D:2)
  4 gnolls
  5 adders (D:2)
  2 dart slugs
  An orc (D:2)
  5 ball pythons
  5 bats
  6 endoplasms
  5 giant cockroaches
  10 goblins
  15 hobgoblins
  8 jackals
  7 kobolds
  2 quokkas
  2 frilled lizards (D:2)
  5 rats
83 creatures vanquished.

Notes
Turn   | Place    | Note
-------+----------+-------------------------------------------
     0 | D:1      | sizableburger the Palentonga Air Elementalist began the
                  | quest for the Orb.
     0 | D:1      | Reached XP level 1. HP: 13/13 MP: 3/3
    88 | D:1      | Reached skill level 1 in Conjurations
   319 | D:1      | Reached XP level 2. HP: 20/20 MP: 3/5
   482 | D:1      | Found a faded altar of an unknown god.
   589 | D:1      | Became a worshipper of the Shining One
   589 | D:1      | Reached * piety under the Shining One
   825 | D:1      | Reached XP level 3. HP: 25/26 MP: 0/6
   841 | D:1      | Learned a level 3 spell: Swiftness
  1319 | D:1      | Reached skill level 1 in Maces & Flails
  1516 | D:2      | Reached skill level 1 in Fighting
  1888 | D:2      | Reached skill level 3 in Air Magic
  1888 | D:2      | Reached XP level 4. HP: 32/34 MP: 3/7
  2998 | D:2      | Identified the +1 helmet "Mufek" {rF+ rC+}
  2998 | D:2      | Noticed Robin
  3019 | D:2      | Killed Robin
  3423 | D:2      | Reached XP level 5. HP: 4/39 MP: 0/9
  3740 | D:3      | Reached ** piety under the Shining One
  4580 | D:3      | Slain by a gnoll

Illustrated notes

Levels and vault maps discovered:
D:1:      enne_arrival_octagon_isle, layout_basic,
          hellmonk_ecumenical_altar_pennies_from_heaven
D:2:      layout_basic, uniq_robin
D:3:      layout_loops_cross, nicolae_overflow_hidden_temple

Skill      XL: |  1  2  3  4 |
---------------+-------------+-----
Conjurations   | 1 2 |  2.3
Maces & Flails | 1 |  1.3
Fighting       | 1 |  1.2
Air Magic      | 3 |  3.5
Dodging        | |  1.8
Stealth        | |  1.2
Spellcasting   | |  2.9

Action                   |  1- 3 |  4- 6 || total
-------------------------+-------+-------++-------
Melee: Unarmed           |    13 |       ||    13
       Tailslap          |     4 |     8 ||    12
       Club              |    28 |    51 ||    79
 Cast: Shock             |    63 |    71 ||   134
Invok: Divine Shield     |       |     1 ||     1
 Abil: Rolling Charge    |     4 |     3 ||     7
  Use: Scroll            |     1 |     1 ||     2
Armor: Robe              |    29 |    43 ||    72
Dodge: Dodged            |    34 |    66 ||   100
Block: Other             |       |     1 ||     1

Table legend: (Time is in decaauts)
 A = Elapsed time spent in this place.
 B = Non-inter-level travel time spent in this place.
 C = Inter-level travel time spent in this place.
 D = Time resting spent in this place.
 E = Time spent auto-exploring this place.
 F = Levels seen in this place.
 G = Mean time per level.
                   A        B        C        D        E       F      G
               +--------+--------+--------+--------+--------+-----+--------+
         Total |   4608 |   4494 |    114 |   1578 |   2213 |   3 | 1536.0 |
       Dungeon |   4608 |   4494 |    114 |   1578 |   2213 |   3 | 1536.0 |
               +--------+--------+--------+--------+--------+-----+--------+

Top non-repeatable levels by time:
     D:2: 2676 daAuts
     D:1: 1484 daAuts
     D:3: 447 daAuts
